 Dungeon Crawl Stone Soup version 0.30-a0-170-g85af917532 (webtiles) character file.

Game seed: 12608364014597679742

12289 qw the Cleaver (level 11, -13/69 HPs)
             Began as a Gargoyle Fighter on Sept 30, 2022.
             Was a High Priest of Okawaru.
             Mangled by a freezing wraith (19 damage)
             ... on level 1 of the Lair of Beasts.
             The game lasted 00:03:34 (9087 turns).

qw the Cleaver (Gargoyle Fighter)                   Turns: 9087, Time: 00:03:35

Health: -13/69     AC: 40    Str: 24    XL:     11   Next: 91%
Magic:  17/18      EV:  9    Int:  9    God:    Okawaru [*****.]
Gold:   243        SH:  6    Dex:  9    Spells: 10/10 levels left

rFire   . . .      SeeInvis .    Y - +5 war axe (protect)
rCold   . . .      Faith    .    c - +0 buckler
rNeg    + . .      Spirit   .    f - +0 plate armour
rPois   inf        Reflect  .    r - +1 helmet
rElec   +          Harm     .    q - +0 cloak
rCorr   .          Rampage  .    l - +0 pair of gloves
Will    .....                    p - +2 pair of boots
Stlth   ..........               (no amulet)
HPRegen 0.21/turn                (no ring)
MPRegen 0.16/turn                (no ring)

@: heroic, frozen, under a protective aura, slowed, very slow
A: sickness immunity, AC +8, negative energy resistance 1, electricity
resistance, torment resistance 1, petrification resistance
a: Renounce Religion, Heroism, Finesse, Duel


You were on level 1 of the Lair of Beasts.
You worshipped Okawaru.
Okawaru was extremely pleased with you.
You visited 3 branches of the dungeon, and saw 10 of its levels.

You collected 435 gold pieces.
You spent 192 gold pieces at shops.


Innate Abilities, Weirdness & Mutations

You are immune to sickness and miasma.
Your stone body is resilient. (AC +8)
You are immune to poison.
You resist negative energy. (rN+)
You are resistant to electric shocks. (rElec)
You are resistant to unholy torment.
You are immune to petrification.


   Skills:
 + Level 8.7(13.7) Fighting
 - Level 11.0(16.0) Axes
 - Level 2.3(7.3) Throwing
 - Level 8.0(13.0) Armour
 - Level 2.2(7.2) Dodging
 - Level 5.0(10.0) Shields
 - Level 10.0 Invocations


You had 10 spell levels left.
You didn't know any spells.
Your spell library was empty.

Inventory:

Hand Weapons
 h - a +0 vorpal morningstar
 Y - a +5 war axe of protection (weapon)
Missiles
 a - 4 boomerangs (quivered)
Armour
 c - a +0 buckler (worn)
 e - +0 acid dragon scales
 f - a +0 plate armour (worn)
 l - a +0 pair of gloves (worn)
 p - a +2 pair of boots (worn)
 q - a +0 cloak (worn)
 r - a +1 helmet (worn)
Scrolls
 i - a scroll of identify
 m - a scroll of teleportation
Potions
 b - a potion of mutation
 d - 5 potions of might
 g - a potion of curing
 j - a potion of resistance
 k - a potion of flight {unknown}
 n - 3 potions of attraction

Dungeon Overview and Level Annotations

Branches:
Dungeon (8/15)             Temple (1/1) D:6            Lair (1/5) D:8

Altars:
Ashenzari
Cheibriados
Dithmenos
Elyvilon
Fedhas
Gozag
Hepliaklqana
Kikubaaqudgha
Makhleb
Nemelex Xobeh
Okawaru
Qazlal
Ru
Sif Muna
Trog
Uskayaw
Vehumet
Wu Jian
Xom
Yredelemnul
Zin
The Shining One

Shops:
D:1 :   D:5 [*((

Annotations:
D:5 3 runed translucent doors, qw's ghost, novice GrFi


Message History

The bog body points at you and mumbles some strange words.
You resist with significant effort.
You hit the polar bear.
The polar bear is almost dead.
You hit the ice devil but do no damage. You closely miss the rime drake.
The rime drake breathes ice at you.
The flash freeze hits you but does no damage.
You are encased in ice.
The ice devil hits you but does no damage.
The polar bear goes berserk!
You slash the polar bear!
You kill the polar bear!
Okawaru accepts your kill.
You hit the ice devil but do no damage. You slash the rime drake!
The rime drake bites you but does no damage.
The ice devil hits you! The ice devil freezes you!
You barely miss the rime drake.
The rime drake is heavily wounded.
You hit the freezing wraith but do no damage.
You barely miss the ice devil. You block the rime drake's attack.
The ice devil hits you but does no damage.
You slash the rime drake!
The rime drake is almost dead.
You hit the ice devil but do no damage. You slash the polar bear simulacrum!
You closely miss the freezing wraith. The freezing wraith barely misses you.
The freezing wraith hits you! The freezing wraith drains your vigour!
You feel yourself slow down.
The rime drake bites you but does no damage.
You barely miss the rime drake.
The rime drake is almost dead.
You slash the freezing wraith! You closely miss the ice devil.
You barely miss the polar bear simulacrum.
A komodo dragon comes into view.
The polar bear simulacrum barely misses you.
The polar bear simulacrum claws you. The polar bear simulacrum freezes you!
The polar bear simulacrum claws you but does no damage.
The ice devil hits you but does no damage.
The freezing wraith hits you! The freezing wraith freezes you!!
You die...

#..#.######'#....## #~~~
#.........%........ #.~~
#................. #~~~~
#................. #..~~
#.................
#~.~~~#...............##
#..~~~#..............#..
#..~~~4..............#..
#...~~Z@................
#..~~~kW............7...
#..~~~~h.........).77
#....~~~...........7
#....n~~...........
#8.(.~~~...........
#$...~~~...........
#$...~~~l........


You could see a polar bear, a komodo dragon (wandering), an ice devil, a
freezing wraith, a bog body, a rime drake (catching breath) and a polar bear
simulacrum.

Vanquished Creatures
  Gastronok (D:8)
  A deep elf zephyrmancer (D:7)
  Maurice (D:8)
  5 cane toads (Lair:1)
  Maggie (D:6)
  A torpor snail (Lair:1)
  4 komodo dragons (Lair:1)
  3 polar bears (Lair:1)
  4 dream sheep (Lair:1)
  14 yaks
  2 wyverns
  Grum (D:8)
  2 steam dragons
  4 water moccasins
  An orc warrior (D:8)
  A sky beast (D:7)
  8 black bears
  An ogre (D:4)
  4 wolves (D:8)
  2 centaurs
  A kobold brigand (D:8)
  Blork the orc (D:5)
  A gnoll sergeant (D:6)
  2 bullfrogs
  5 scorpions
  An elephant simulacrum (Lair:1)
  2 howler monkeys
  A gnoll bouda (D:4)
  3 hounds
  2 orc priests (D:7)
  A jelly (D:8)
  3 iguanas
  7 orc wizards
  7 gnolls
  11 adders
  2 shadow imps
  A white imp (D:8)
  5 ufetubi
  2 worms
  5 dart slugs
  12 orcs
  2 bats
  3 endoplasms
  3 giant cockroaches
  14 goblins
  3 hobgoblins
  2 jackals (D:5)
  12 kobolds
  3 quokkas
  5 ball pythons
  5 frilled lizards
  7 rats
195 creatures vanquished.

Vanquished Creatures (others)
  An orc wizard (D:4)
  29 fungi
  40 plants
70 creatures vanquished.

Grand Total: 265 creatures vanquished

Notes
Turn   | Place    | Note
-------+----------+-------------------------------------------
     0 | D:1      | qw the Gargoyle Fighter began the quest for the Orb.
     0 | D:1      | Reached XP level 1. HP: 14/14 MP: 1/1
     0 | D:1      | 0 ||| qw: Version: 0.2-a-12-gaebbb33
     0 | D:1      | 0 ||| qw: Game counter: 1546
     0 | D:1      | 0 ||| qw: Always use a shield: true
     0 | D:1      | 0 ||| qw: God list: Okawaru
     0 | D:1      | 0 ||| qw: Allow faded altars: false
     0 | D:1      | 0 ||| qw: Do Orc after D:15 true
     0 | D:1      | 0 ||| qw: Do second Lair branch before Depths: true
     0 | D:1      | 0 ||| qw: Lair rune preference: random
     0 | D:1      | 0 ||| qw: Plans: Normal, Zot:1-4, God:TSO, Crypt, Tomb,
                  | Pan, Slime:5, Hells, Abyss, Orb
     0 | D:1      | 0 ||| PLANNING D:1-11
    74 | D:1      | Reached skill level 2 in Axes
   122 | D:1      | Found Yqagum's Book Shop.
   273 | D:1      | Found a faded altar of an unknown god.
   273 | D:1      | Noticed a golden eye
   276 | D:1      | Noticed a shining eye
   277 | D:1      | Noticed a floating eye
   277 | D:1      | Noticed a golden eye
   295 | D:1      | Reached XP level 2. HP: 18/19 MP: 2/2
  1008 | D:1      | 1008 ||| UPGRADING to +0 helmet.
  1013 | D:1      | 1013 ||| READING scroll labelled TOFECSUSU.
  1014 | D:1      | 1014 ||| READING 2 scrolls labelled YGOSOC HUNYMUSS.
  1067 | D:2      | 1067 ||| FLEEEEING.
  1068 | D:2      | 1068 ||| FLEEEEING.
  1069 | D:2      | 1069 ||| FLEEEEING.
  1073 | D:2      | 1073 ||| STAIRDANCE
  1119 | D:2      | Reached skill level 3 in Axes
  1137 | D:2      | Reached XP level 3. HP: 23/23 MP: 3/3
  1216 | D:2      | 1216 ||| Stepping ~*~*~tactically~*~*~ (stealth).
  1220 | D:2      | 1220 ||| Stepping ~*~*~tactically~*~*~ (stealth).
  1298 | D:2      | 1298 ||| Stepping ~*~*~tactically~*~*~ (stealth).
  1477 | D:2      | 1477 ||| Stepping ~*~*~tactically~*~*~ (stealth).
  1675 | D:2      | Reached XP level 4. HP: 28/28 MP: 4/4
  1958 | D:2      | Reached skill level 4 in Axes
  2103 | D:2      | 2103 ||| READING scroll labelled EXKOJEVV JIENA.
  2104 | D:2      | 2104 ||| READING 4 scrolls labelled ASHI REGRETE.
  2105 | D:2      | 2105 ||| READING 3 scrolls of enchant weapon.
  2105 | D:2      | 2105 ||| ENCHANTING +1 war axe.
  2106 | D:2      | 2106 ||| READING 2 scrolls of enchant weapon.
  2106 | D:2      | 2106 ||| ENCHANTING +2 war axe.
  2107 | D:2      | 2107 ||| READING scroll of enchant weapon.
  2107 | D:2      | 2107 ||| ENCHANTING +3 war axe.
  2108 | D:2      | 2108 ||| READING scroll labelled JEORPH WEEQAUWN.
  2109 | D:2      | 2109 ||| DRINKING 2 orange potions.
  2226 | D:3      | 2226 ||| Stepping ~*~*~tactically~*~*~ (stealth).
  2706 | D:3      | 2706 ||| UPGRADING to +0 pair of gloves.
  2711 | D:3      | 2711 ||| READING scroll labelled OXUTIODEYZE.
  2712 | D:3      | 2712 ||| READING scroll labelled APSAEDW IFID.
  2828 | D:4      | 2828 ||| Stepping ~*~*~tactically~*~*~ (stealth).
  2829 | D:4      | 2829 ||| Stepping ~*~*~tactically~*~*~ (stealth).
  2838 | D:4      | Reached XP level 5. HP: 15/32 MP: 5/5
  2841 | D:4      | HP: 7/32 [gnoll/+1 spear of venom[a gnoll bouda] (5)]
  2849 | D:4      | Reached skill level 5 in Axes
  2851 | D:4      | HP: 7/32 [hound (1)]
  2852 | D:4      | HP: 3/32 [hound (4)]
  3130 | D:4      | Identified the +9 whip "Xudd" {pain, Contam Int+3 Dex+4}
  3132 | D:4      | 3132 ||| DROPPING +0 mace.
  3282 | D:4      | Found a blossoming altar of Fedhas.
  3282 | D:4      | Found a shadowy altar of Dithmenos.
  3328 | D:4      | 3328 ||| Stepping ~*~*~tactically~*~*~ (stealth).
  3330 | D:4      | 3330 ||| Stepping ~*~*~tactically~*~*~ (hiding).
  3332 | D:4      | 3332 ||| Stepping ~*~*~tactically~*~*~ (stealth).
  3333 | D:4      | 3333 ||| Stepping ~*~*~tactically~*~*~ (stealth).
  3339 | D:4      | Reached XP level 6. HP: 38/38 MP: 6/6
  3353 | D:4      | Reached skill level 1 in Dodging
  3384 | D:4      | 3384 ||| Stepping ~*~*~tactically~*~*~ (stealth).
  3386 | D:4      | 3386 ||| Stepping ~*~*~tactically~*~*~ (stealth).
  3721 | D:4      | Found a shimmering blue altar of Sif Muna.
  3729 | D:4      | 3729 ||| Stepping ~*~*~tactically~*~*~ (stealth).
  3748 | D:4      | 3748 ||| DRINKING 2 potions of curing.
  3748 | D:4      | 3748 ||| (to cure confusion)
  3789 | D:4      | 3789 ||| DRINKING potion of curing.
  3789 | D:4      | 3789 ||| (to cure confusion)
  3813 | D:4      | 3813 ||| FLEEEEING.
  4133 | D:4      | Reached skill level 6 in Axes
  4133 | D:4      | Reached XP level 7. HP: 25/43 MP: 7/7
  4258 | D:4      | 4258 ||| READING scroll labelled ADIC AHILU.
  4359 | D:4      | 4359 ||| READING scroll labelled JEPIET UP WEA.
  4362 | D:4      | 4362 ||| READING scroll labelled BACLOM UXTEI.
  4363 | D:4      | 4363 ||| READING scroll labelled HYORORCH PUABI.
  4392 | D:5      | Entered Level 5 of the Dungeon
  4411 | D:5      | 4411 ||| DROPPING +9 whip "Xudd" {pain, Contam Int+3
                  | Dex+4}.
  4466 | D:5      | Found Lypres's Antique Weapon Shoppe.
  4467 | D:5      | 4467 ||| Stepping randomly (stuck).
  4476 | D:5      | 4476 ||| Stepping randomly (stuck).
  4477 | D:5      | 4477 ||| Stepping randomly (stuck).
  4478 | D:5      | 4478 ||| Stepping randomly (stuck).
  4479 | D:5      | 4479 ||| Stepping randomly (stuck).
  4480 | D:5      | 4480 ||| Stepping randomly (stuck).
  4486 | D:5      | Reached skill level 7 in Axes
  4496 | D:5      | Found Buawkeakue's Antique Weapon Boutique.
  4554 | D:5      | 4554 ||| Stepping ~*~*~tactically~*~*~ (stealth).
  4610 | D:5      | Found an ancient bone altar of Kikubaaqudgha.
  4625 | D:5      | Reached XP level 8. HP: 49/49 MP: 8/8
  4661 | D:5      | Found Siaci's Armour Boutique.
  4688 | D:5      | Found a runed translucent gate.
  4689 | D:5      | Found a runed translucent gate.
  4692 | D:5      | Found a runed translucent gate.
  4693 | D:5      | Noticed qw's ghost (novice GrFi)
  4843 | D:5      | Found a broken altar of Ashenzari.
  4896 | D:5      | Found Nacror's General Store.
  4906 | D:5      | 4906 ||| BUYING +0 cloak (54 gold).
  4906 | D:5      | Bought a +0 cloak for 54 gold pieces
  4906 | D:5      | 4906 ||| BUYING +1 helmet (138 gold).
  4906 | D:5      | Bought a +1 helmet for 138 gold pieces
  4906 | D:5      | 4906 ||| SHOPLISTING scroll of identify (24 gold, have 15).
  4906 | D:5      | 4906 ||| SHOPLISTING wand of digging (7) (352 gold, have
                  | 15).
  4982 | D:5      | Noticed Blork the orc
  4988 | D:5      | Killed Blork the orc
  5429 | D:5      | 5429 ||| SHOPLISTING +1 pair of boots of rampaging (231
                  | gold, have 15).
  5429 | D:5      | 5429 ||| SHOPLISTING +1 plate armour of fire resistance
                  | (490 gold, have 15).
  5429 | D:5      | 5429 ||| SHOPLISTING +3 ring mail of fire resistance (364
                  | gold, have 15).
  5503 | D:5      | 5503 ||| UPGRADING to +0 cloak.
  5508 | D:5      | 5508 ||| UPGRADING to +1 helmet.
  5518 | D:5      | 5518 ||| DROPPING +0 helmet.
  5519 | D:5      | 5519 ||| DROPPING amulet of magic regeneration.
  5520 | D:5      | 5520 ||| DRINKING 2 brown potions.
  5521 | D:5      | 5521 ||| DROPPING potion of degeneration.
  5598 | D:6      | 5598 ||| Stepping ~*~*~tactically~*~*~ (stealth).
  5615 | D:6      | Reached skill level 8 in Axes
  5696 | D:6      | Found a staircase to the Ecumenical Temple.
  5697 | D:6      | 5697 ||| PLANNING TEMPLE
  5705 | Temple   | Entered the Ecumenical Temple
  5706 | Temple   | 5706 ||| PLANNING OKAWARU WORSHIP
  5712 | Temple   | Became a worshipper of Warmaster Okawaru
  5713 | Temple   | 5713 ||| PLANNING D:1-11
  5770 | D:6      | 5770 ||| READING scroll of enchant weapon.
  5770 | D:6      | 5770 ||| ENCHANTING +4 war axe of protection.
  5889 | D:6      | Reached skill level 6 in Fighting
  5889 | D:6      | 5889 ||| Stepping ~*~*~tactically~*~*~ (cloud).
  6505 | D:6      | 6505 ||| UPGRADING to +0 pair of boots.
  6510 | D:6      | 6510 ||| UPGRADING to +2 pair of boots.
  6520 | D:6      | 6520 ||| DROPPING +0 pair of boots.
  6521 | D:6      | 6521 ||| READING scroll labelled DEAPROEMUX.
  6585 | D:6      | 6585 ||| DRINKING 3 smoky dark potions.
  6586 | D:6      | 6586 ||| READING 3 scrolls of identify.
  6586 | D:6      | 6586 ||| IDENTIFYING pink potion
  6587 | D:6      | 6587 ||| READING 2 scrolls of identify.
  6587 | D:6      | 6587 ||| IDENTIFYING amethyst potion
  6619 | D:7      | Noticed Maggie
  6620 | D:7      | 6620 ||| STAIRDANCE
  6638 | D:6      | Killed Maggie
  6639 | D:6      | Reached XP level 9. HP: 38/56 MP: 9/9
  6739 | D:6      | 6739 ||| UPGRADING to +0 acid dragon scales.
  6749 | D:6      | 6749 ||| DROPPING +0 scale mail.
  6798 | D:7      | 6798 ||| Stepping ~*~*~tactically~*~*~ (stealth).
  6803 | D:7      | 6803 ||| Stepping ~*~*~tactically~*~*~ (hiding).
  6805 | D:7      | 6805 ||| Stepping ~*~*~tactically~*~*~ (hiding).
  6837 | D:7      | 6837 ||| Stepping ~*~*~tactically~*~*~ (stealth).
  6843 | D:7      | Reached * piety under Okawaru
  6851 | D:7      | 6851 ||| INVOKING Heroism.
  6890 | D:7      | Reached skill level 9 in Axes
  6890 | D:7      | Reached skill level 1 in Invocations
  6942 | D:7      | Noticed a deep elf zephyrmancer
  6948 | D:7      | 6948 ||| Stepping ~*~*~tactically~*~*~ (hiding).
  6951 | D:7      | 6951 ||| Stepping ~*~*~tactically~*~*~ (hiding).
  6957 | D:7      | Killed a deep elf zephyrmancer
  6958 | D:7      | Reached skill level 3 in Invocations
  7137 | D:7      | Found a hazy altar of Hepliaklqana.
  7145 | D:7      | Found a sacrificial altar of Ru.
  7158 | D:7      | 7158 ||| INVOKING Heroism.
  7214 | D:7      | 7214 ||| READING scroll labelled QOOP SOOWO.
  7215 | D:7      | 7215 ||| READING scroll labelled SEOHONOUJUJ.
  7216 | D:7      | 7216 ||| READING scroll labelled PEISIWEOSE.
  7217 | D:7      | 7217 ||| READING 3 scrolls of identify.
  7217 | D:7      | 7217 ||| IDENTIFYING white potion
  7218 | D:7      | 7218 ||| READING 2 scrolls of identify.
  7218 | D:7      | 7218 ||| IDENTIFYING black potion
  7219 | D:7      | 7219 ||| DROPPING potion of ambrosia.
  7271 | D:8      | 7271 ||| INVOKING Heroism.
  7293 | D:8      | Noticed Gastronok
  7295 | D:8      | 7295 ||| INVOKING Heroism.
  7298 | D:8      | HP: 13/56 [Gastronok/the air (43)]
  7299 | D:8      | 7299 ||| READING 2 scrolls of teleportation.
  7300 | D:8      | 7300 ||| DRINKING potion of heal wounds.
  7314 | D:8      | 7314 ||| INVOKING Heroism.
  7335 | D:8      | Killed Gastronok
  7335 | D:8      | Reached ** piety under Okawaru
  7335 | D:8      | Reached *** piety under Okawaru
  7336 | D:8      | Reached skill level 6 in Invocations
  7336 | D:8      | Reached XP level 10. HP: 28/64 MP: 11/14
  7526 | D:8      | Noticed Maurice
  7527 | D:8      | 7527 ||| INVOKING Heroism.
  7556 | D:8      | 7556 ||| Stepping ~*~*~tactically~*~*~ (stealth).
  7591 | D:8      | 7591 ||| Stepping ~*~*~tactically~*~*~ (stealth).
  7596 | D:8      | 7596 ||| INVOKING Heroism.
  7610 | D:8      | 7610 ||| Stepping ~*~*~tactically~*~*~ (hiding).
  7635 | D:8      | Killed Maurice
  7645 | D:8      | Reached **** piety under Okawaru
  7720 | D:8      | 7720 ||| Stepping ~*~*~tactically~*~*~ (stealth).
  7721 | D:8      | Noticed Grum
  7722 | D:8      | 7722 ||| Stepping ~*~*~tactically~*~*~ (hiding).
  7724 | D:8      | 7724 ||| INVOKING Heroism.
  7729 | D:8      | 7729 ||| Stepping ~*~*~tactically~*~*~ (hiding).
  7737 | D:8      | Killed Grum
  7738 | D:8      | Reached skill level 10 in Axes
  7738 | D:8      | 7738 ||| INVOKING Heroism.
  7755 | D:8      | 7755 ||| Stepping ~*~*~tactically~*~*~ (stealth).
  7757 | D:8      | 7757 ||| Stepping ~*~*~tactically~*~*~ (stealth).
  7764 | D:8      | 7764 ||| Stepping ~*~*~tactically~*~*~ (stealth).
  7848 | D:8      | 7848 ||| INVOKING Heroism.
  7850 | D:8      | 7850 ||| Stepping ~*~*~tactically~*~*~ (stealth).
  8132 | D:8      | Found a staircase to the Lair.
  8183 | D:8      | 8183 ||| PLANNING LAIR
  8183 | D:8      | 8183 ||| UPGRADING to +0 plate armour.
  8193 | D:8      | 8193 ||| DROPPING ring of flight.
  8194 | D:8      | 8194 ||| READING 2 scrolls of identify.
  8194 | D:8      | 8194 ||| IDENTIFYING lumpy amethyst potion
  8195 | D:8      | 8195 ||| DROPPING potion of berserk rage.
  8196 | D:8      | 8196 ||| DROPPING potion of invisibility.
  8226 | Lair:1   | Entered Level 1 of the Lair of Beasts
  8234 | Lair:1   | 8234 ||| INVOKING Heroism.
  8248 | Lair:1   | Reached skill level 6 in Armour
  8248 | Lair:1   | Reached XP level 11. HP: 61/68 MP: 14/16
  8285 | Lair:1   | 8285 ||| INVOKING Heroism.
  8304 | Lair:1   | 8304 ||| Stepping ~*~*~tactically~*~*~ (stealth).
  8312 | Lair:1   | 8312 ||| INVOKING Heroism.
  8316 | Lair:1   | Reached ***** piety under Okawaru
  8364 | Lair:1   | 8364 ||| INVOKING Heroism.
  8372 | Lair:1   | Received a gift from Okawaru
  8501 | Lair:1   | 8501 ||| INVOKING Heroism.
  8595 | Lair:1   | 8595 ||| INVOKING Heroism.
  8598 | Lair:1   | Received a gift from Okawaru
  8611 | Lair:1   | Reached skill level 9 in Invocations
  8685 | Lair:1   | 8685 ||| Stepping ~*~*~tactically~*~*~ (stealth).
  8690 | Lair:1   | 8690 ||| INVOKING Heroism.
  8691 | Lair:1   | 8691 ||| Stepping ~*~*~tactically~*~*~ (stealth).
  8696 | Lair:1   | 8696 ||| Stepping ~*~*~tactically~*~*~ (stealth).
  8698 | Lair:1   | 8698 ||| Stepping ~*~*~tactically~*~*~ (stealth).
  8700 | Lair:1   | 8700 ||| Stepping ~*~*~tactically~*~*~ (stealth).
  8729 | Lair:1   | Received a gift from Okawaru
  8746 | Lair:1   | 8746 ||| Stepping ~*~*~tactically~*~*~ (stealth).
  8753 | Lair:1   | 8753 ||| INVOKING Heroism.
  8846 | Lair:1   | 8846 ||| INVOKING Heroism.
  8859 | Lair:1   | 8859 ||| INVOKING Heroism.
  8891 | Lair:1   | 8891 ||| INVOKING Heroism.
  8900 | Lair:1   | Reached skill level 11 in Axes
  9075 | Lair:1   | 9075 ||| INVOKING Heroism.
  9080 | Lair:1   | Noticed a bog body
  9087 | Lair:1   | HP: 14/69 [polar bear simulacrum (13)]
  9087 | Lair:1   | HP: 6/69 [freezing wraith (8)]
  9087 | Lair:1   | Mangled by a freezing wraith

Levels and vault maps discovered:
D:1:      matt_arrival_los_fun, layout_loops_ring, serial_shops, shop_fountains,
          hellmonk_ecumenical_altar_watching_god
D:2:      layout_basic, grunt_ministairs_2
D:3:      layout_loops_ring
D:4:      layout_basic, led_sif_book, gammafunk_temple_overflow_elements,
          minmay_ogre_servants
D:5:      layout_cave_pods, mainiacjoe_overflow_swirl,
          gammafunk_ghost_necromancy, serial_shops, nicolae_inconvenience_store,
          shop, shop, nicolae_shop_trees, minmay_misc_feat_plants,
          due_unseen_surprise, uniq_blork_the_orc
D:6:      layout_basic, minmay_temple_entry_mist
D:7:      layout_gridville, mainiacjoe_overflow_big_doors,
          guppyfry_early_elven_hall, uniq_maggie
D:8:      layout_rooms, grunt_lair_entry_orc_guard_hut, uniq_maurice,
          uniq_gastronok, uniq_grum
Temple:   nicolae_temple_no_exploring_needed
Lair:1:   dreamdust_isle_of_ice, layout_regular_city, serial_bayou,
          serial_bayou_pond_c, serial_bayou_pond_e, serial_bayou_pond_d,
          nicolae_lair_grove_arrangements, cheibrodos_lair_lostbears

Skill      XL: |  1  2  3  4  5  6  7  8  9 10 11 |
---------------+----------------------------------+-----
Axes           | 2 3 4 5 6 7 8 9 10 11 | 11.0
Fighting       | 4 5 6 8 |  8.7
Dodging        | 1 2 |  2.2
Throwing       | 2 |  2.3
Armour         | 5 6 8 |  8.0
Invocations    | 6 7 10 | 10.0
Shields        | 4 5 |  5.0

Action                   |  1- 3 |  4- 6 |  7- 9 | 10-12 || total
-------------------------+-------+-------+-------+-------++-------
Melee: War axe           |   108 |    92 |   186 |   236 ||   622
Throw: Boomerang         |    18 |    36 |    45 |    46 ||   145
       Javelin           |       |       |       |     4 ||     4
Invok: Heroism           |       |       |     5 |    17 ||    22
  Use: Scroll            |     2 |     8 |    14 |     1 ||    25
       Potion            |       |     3 |     3 |       ||     6
Armor: Scale mail        |    55 |    61 |    68 |       ||   184
       Acid dragon scale |       |       |    31 |    50 ||    81
       Plate armour      |       |       |       |    72 ||    72
Dodge: Dodged            |    40 |    41 |    64 |    83 ||   228
Block: Buckler           |    16 |     9 |    26 |    53 ||   104

Table legend:
 A = Non-vault XP
 B = Vault XP
 C = Vault XP percentage of total XP
 D = Non-vault monster count
 E = Vault monster count
 F = Vault count percentage of total count
                 A         B        C        D         E       F
            +---------+---------+-------+---------+---------+-------
      Total |   11940 |    5616 |  32.0 |     164 |      31 |  15.9
            +---------+---------+-------+---------+---------+-------
        D:1 |      24 |       0 |   0.0 |      13 |       0 |   0.0
        D:2 |      78 |       2 |   2.5 |      28 |       2 |   6.7
        D:3 |      49 |       0 |   0.0 |       6 |       0 |   0.0
        D:4 |     368 |     137 |  27.1 |      23 |       9 |  28.1
        D:5 |     816 |      94 |  10.3 |      15 |       1 |   6.2
        D:6 |     574 |     437 |  43.2 |      13 |       1 |   7.1
        D:7 |     786 |     625 |  44.3 |      20 |       1 |   4.8
        D:8 |    1322 |    3388 |  71.9 |      16 |      13 |  44.8
     Lair:1 |    7923 |     933 |  10.5 |      30 |       4 |  11.8
            +---------+---------+-------+---------+---------+-------
